Map: Odyssey LE

Players

TRUE - Winner!

  • Race: Zerg Zerg
  • Spawn Location: 11:00

TLO

  • Race: Zerg Zerg
  • Spawn Location: 5:00

Event: WCS Montreal 2017

VOD

Have the link to the VOD?

Description

Time

  • Played on: Sept. 8, 2017, 6:37 p.m.
  • Length: 5:10

All games in this series

Show
View Real Time Build Order
Export as new Build Order

TRUE Zerg - Winner!

Build Orders: Pool First, Zergling Baneling 

Get SALT Encoding   

  12  0:00  Drone  
  13  0:12  Overlord  
  13  0:16  Drone  
  14  0:30  Drone x2  
  14  0:34  Drone  
  17  0:39  Extractor  
  16  0:47  Spawning Pool  
  16  0:49  Drone  
  16  0:55  Drone  
  17  1:17  Hatchery  
  16  1:24  Drone  
  17  1:34  Queen  
  17  1:39  Metabolic Boost  
  19  1:44  Zergling x2  
  20  1:48  Zergling x2  
  21  1:59  Baneling Nest  
  21  2:00  Zergling x2  
  21  2:07  Overlord  
  21  2:10  Zergling x2  
  22  2:26  Zergling x2  
  22  2:27  Zergling x2  
  24  2:31  Zergling x2  
  25  2:38  Zergling x2  
  25  2:41  Zergling x2  
  25  2:42  Zergling x2  
  25  2:43  Zergling x4  
  30  2:45  Baneling x3  
  30  2:47  Baneling  
  30  2:50  Zergling x2  
  31  2:54  Zergling x2  
  32  3:01  Zergling x2  
  32  3:02  Zergling x2  
  34  3:14  Zergling x4  
  34  3:21  Zergling x2  
  24  3:42  Zergling x2  
  24  3:48  Zergling x2  
  24  3:50  Zergling x2  
  25  3:59  Zergling x2  
  25  4:02  Zergling x2  
  25  4:05  Zergling x2  
  22  4:11  Zergling x2  
  23  4:19  Baneling x2  
  23  4:20  Zergling x2  
  24  4:24  Zergling x2  
  24  4:27  Baneling  
  24  4:29  Baneling  
  25  4:33  Zergling x2  
  25  4:36  Baneling  
  26  4:42  Zergling x2  
  27  4:50  Zergling x2  
Show
View Real Time Build Order
Export as new Build Order

TLO Zerg 

Build Orders: Pool First 

Get SALT Encoding   

  12  0:00  Drone  
  13  0:12  Overlord  
  13  0:16  Drone  
  14  0:30  Drone x2  
  14  0:34  Drone  
  17  0:36  Extractor  
  16  0:45  Drone  
  17  0:50  Spawning Pool  
  17  0:56  Drone  
  17  1:18  Hatchery  
  16  1:22  Drone  
  17  1:36  Queen  
  17  1:38  Zergling x2  
  20  1:43  Metabolic Boost  
  20  1:50  Overlord  
  20  1:54  Zergling x2  
  21  1:57  Zergling x2  
  22  2:04  Extractor, Zergling x2  
  23  2:12  Queen  
  25  2:18  Zergling x2  
  26  2:27  Zergling x2  
  26  2:29  Queen  
  29  2:30  Zergling x2  
  29  2:36  Zergling x2  
  31  2:40  Zergling x2  
  32  2:47  Zergling x6  
  35  2:52  Zergling x2  
  35  2:56  Overlord  
  36  3:03  Overlord  
  36  3:08  Spine Crawler  
  36  3:12  Zergling x2  
  36  3:16  Zergling x2  
  36  3:17  Zergling x2  
  36  3:20  Zergling x2  
  36  3:25  Zergling x2  
  36  3:26  Zergling x2  
  37  3:30  Zergling x2  
  37  3:33  Zergling x2  
  34  3:37  Zergling x2  
  34  3:40  Zergling x2  
  32  3:43  Zergling x2  
  32  3:46  Zergling x2  
  28  3:49  Zergling x2  
  28  3:54  Zergling x2  
  26  3:59  Zergling x2  
  18  4:16  Zergling x2  
  19  4:22  Zergling x2  
  20  4:25  Zergling x2  
  20  4:30  Zergling x2  
  22  4:32  Zergling x2  
  22  4:36  Zergling x2  
  24  4:40  Zergling x2  
  24  4:44  Zergling x2  
  26  4:48  Zergling x2  
  22  4:53  Zergling x2  
Tags
 
Add a new tag
Caveats
  • Supply blocks, unpowered buildings, or Contaminate may cause inaccurate times.
  • Supply counts are checked every 10 seconds.